[Event "FICS rated blitz game"]
[Site "FICS freechess.org"]
[FICSGamesDBGameNo "20001273"]
[White "Incitatus"]
[Black "Sizeboli"]
[WhiteElo "1480"]
[BlackElo "1681"]
[WhiteRD "na"]
[BlackRD "na"]
[TimeControl "180+0"]
[Date "1999.08.10"]
[Time "15:15:00"]
[WhiteClock "0:03:00.000"]
[BlackClock "0:03:00.000"]
[ECO "C65"]
[PlyCount "109"]
[Result "1-0"]

1. e4 e5 2. Nf3 Nc6 3. Bb5 Bc5 4. c3 Nf6 5. O-O Nxe4 6. d4 exd4 7. Re1 d5 8. cxd4 Bb4 9. Nc3 Bxc3 10. bxc3 O-O 11. Bd3 Nxc3 12. Qc2 Ne4 13. Bxe4 dxe4 14. Qxe4 Be6 15. Bg5 Qd5 16. Qh4 f6 17. Be3 Rf7 18. Rac1 b6 19. Nd2 g5 20. Qg3 h5 21. Nf3 h4 22. Nxh4 Kh7 23. Nf3 Rh8 24. Bxg5 fxg5 25. Nxg5+ Kg8 26. Nxe6+ Kh7 27. Qh4+ Kg6 28. Qg4+ Kf6 29. Qf4+ Ke7 30. Nxc7+ Kd7 31. Nxd5 Rxf4 32. Nxf4 Rh4 33. Ne6 Nxd4 34. Red1 Kxe6 35. Rc4 Nf3+ 36. gxf3 Rxc4 37. Re1+ Kd6 38. Kg2 Rc2 39. f4 Rxa2 40. f5 Ra5 41. f6 Rf5 42. Re3 Rxf6 43. Rf3 Re6 44. h4 a5 45. h5 a4 46. Rh3 Rh6 47. Kg3 b5 48. Kg4 b4 49. Kg5 Re6 50. h6 Re5+ 51. Kg6 a3 52. h7 Re8 53. h8=Q Rxh8 54. Rxh8 b3 55. f4 {Black forfeits on time} 1-0

[Event "FICS rated standard game"]
[Site "FICS freechess.org"]
[FICSGamesDBGameNo "20001272"]
[White "TresCool"]
[Black "Dimokles"]
[WhiteElo "1908"]
[BlackElo "1816"]
[WhiteRD "na"]
[BlackRD "na"]
[TimeControl "900+0"]
[Date "1999.08.10"]
[Time "11:30:00"]
[WhiteClock "0:15:00.000"]
[BlackClock "0:15:00.000"]
[ECO "A00"]
[PlyCount "42"]
[Result "0-1"]

1. b4 e6 2. Bb2 Nf6 3. a3 d5 4. d3 c5 5. bxc5 Bxc5 6. d4 Qa5+ 7. Nd2 Bd6 8. e3 Bd7 9. Nf3 O-O 10. g3 Bb5 11. Bg2 Nc6 12. Rc1 Ne4 13. Ra1 Nc3 14. Bxc3 Qxc3 15. a4 Ba6 16. Bf1 Nb4 17. Rc1 Bxf1 18. Kxf1 Rfc8 19. Nb1 Qc4+ 20. Kg2 Nxc2 21. Na3 Bxa3 {White resigns} 0-1

[Event "FICS rated blitz game"]
[Site "FICS freechess.org"]
[FICSGamesDBGameNo "20001271"]
[White "Bobeskillz"]
[Black "FoxMate"]
[WhiteElo "1359"]
[BlackElo "1646"]
[WhiteRD "na"]
[BlackRD "na"]
[TimeControl "300+0"]
[Date "1999.08.10"]
[Time "10:56:00"]
[WhiteClock "0:05:00.000"]
[BlackClock "0:05:00.000"]
[ECO "A43"]
[PlyCount "82"]
[Result "0-1"]

1. d4 c5 2. d5 e6 3. c4 exd5 4. cxd5 d6 5. e4 Nf6 6. Nc3 a6 7. Nf3 Be7 8. Bd3 O-O 9. O-O Bg4 10. h3 Bh5 11. Re1 Nbd7 12. Ne2 Bxf3 13. gxf3 b5 14. b3 Ne5 15. Ng3 g6 16. f4 Nxd3 17. Qxd3 Rc8 18. Bb2 c4 19. Qd4 Qc7 20. Rac1 Qc5 21. e5 Qxd4 22. Bxd4 Nxd5 23. Ne4 Nxf4 24. exd6 Bh4 25. Re3 cxb3 26. Rxc8 Rxc8 27. axb3 Rd8 28. Bf6 Bxf6 29. Nxf6+ Kg7 30. Re8 Rxe8 31. Nxe8+ Kf8 32. d7 Ke7 33. Nf6 Nxh3+ 34. Kh2 Nf4 35. Kg3 Ne6 36. Nxh7 Kxd7 37. Nf6+ Kd6 38. Ne4+ Kd5 39. Kf3 Nd4+ 40. Ke3 Nxb3 41. Nf6+ Kc4 {White resigns} 0-1

[Event "FICS rated blitz game"]
[Site "FICS freechess.org"]
[FICSGamesDBGameNo "20001270"]
[White "Chessnull"]
[Black "Tuadan"]
[WhiteElo "1711"]
[BlackElo "1688"]
[WhiteRD "na"]
[BlackRD "na"]
[TimeControl "180+0"]
[Date "1999.08.10"]
[Time "09:46:00"]
[WhiteClock "0:03:00.000"]
[BlackClock "0:03:00.000"]
[ECO "A17"]
[PlyCount "81"]
[Result "1-0"]

1. c4 e6 2. Nc3 Nf6 3. g3 d5 4. cxd5 exd5 5. Bg2 c6 6. d3 Bd6 7. Nf3 O-O 8. O-O Re8 9. Re1 Bf5 10. Nh4 Be6 11. e4 dxe4 12. dxe4 Bc7 13. Bg5 Qe7 14. Nf5 Bxf5 15. exf5 Qxe1+ 16. Qxe1 Rxe1+ 17. Rxe1 Nbd7 18. Re7 Bd6 19. Bxf6 Bxe7 20. Bxe7 Re8 21. Bg5 h6 22. Be3 Nc5 23. Bxc5 Re5 24. Be3 Rxf5 25. Bxa7 Ra5 26. Bd4 Ra8 27. a3 Rd8 28. Be3 Kf8 29. Na4 Rd1+ 30. Bf1 Ke7 31. Nc5 b6 32. Na4 b5 33. Nc5 Kd6 34. Kg2 Re1 35. Nb3 Rb1 36. Bd4 f6 37. Bc3 Rd1 38. Nd4 Kd5 39. Nf5 g6 40. Nxh6 f5 41. Ng8 {Black resigns} 1-0

[Event "FICS rated lightning game"]
[Site "FICS freechess.org"]
[FICSGamesDBGameNo "20001269"]
[White "Goz"]
[Black "Lubi"]
[WhiteElo "1405"]
[BlackElo "1435"]
[WhiteRD "na"]
[BlackRD "na"]
[TimeControl "0+1"]
[Date "1999.08.10"]
[Time "07:40:00"]
[WhiteClock "0:10.000"]
[BlackClock "0:10.000"]
[ECO "A00"]
[PlyCount "48"]
[Result "0-1"]

1. e3 d6 2. Bc4 g6 3. Nf3 Bg7 4. Ng5 e6 5. Qf3 Qxg5 6. d4 Qf5 7. Bd3 Qxf3 8. gxf3 Nc6 9. Bd2 f6 10. c3 Nge7 11. Na3 Bd7 12. Nc2 e5 13. O-O-O exd4 14. exd4 O-O-O 15. Rhe1 Nd5 16. Be2 Rde8 17. Bf1 h5 18. Rxe8+ Bxe8 19. Re1 Kd8 20. Rxe8+ Kxe8 21. Bb5 a6 22. c4 axb5 23. cxd5 Ne7 24. Nb4 Bh6 {White forfeits on time} 0-1

[Event "FICS rated blitz game"]
[Site "FICS freechess.org"]
[FICSGamesDBGameNo "20001268"]
[White "cormarc(FM)"]
[Black "JJCale"]
[WhiteElo "1912"]
[BlackElo "1852"]
[WhiteRD "na"]
[BlackRD "na"]
[TimeControl "180+0"]
[Date "1999.08.10"]
[Time "07:34:00"]
[WhiteClock "0:03:00.000"]
[BlackClock "0:03:00.000"]
[ECO "A30"]
[PlyCount "94"]
[Result "1/2-1/2"]

1. c4 Nf6 2. Nc3 c5 3. Nf3 b6 4. g3 Bb7 5. Bg2 e6 6. O-O Be7 7. d4 cxd4 8. Qxd4 a6 9. b3 d6 10. Rd1 Nbd7 11. Ba3 Nc5 12. Rac1 O-O 13. Bb2 Qc7 14. Ng5 Rfd8 15. Nge4 Rac8 16. Nxc5 dxc5 17. Qe3 Bxg2 18. Kxg2 Qb7+ 19. Qf3 Qxf3+ 20. Kxf3 h6 21. e3 Rxd1 22. Rxd1 Rd8 23. Rxd8+ Bxd8 24. Ne4 Nxe4 25. Kxe4 Kf8 26. a4 f5+ 27. Kd3 Kf7 28. e4 Bf6 29. Bxf6 Kxf6 30. f4 e5 31. Ke3 g5 32. Kf3 Ke6 33. Ke3 Kf6 34. Kf3 Ke6 35. h4 g4+ 36. Ke3 Kf6 37. fxe5+ Kxe5 38. exf5 Kxf5 39. Kd3 Ke5 40. Ke3 h5 41. Kd3 Kf5 42. Ke3 Ke5 43. Kd3 Kf5 44. Ke3 Ke5 45. Kd3 Kf5 46. Ke3 Ke5 47. Kd3 Kf5 {Game drawn by repetition} 1/2-1/2

[Event "FICS rated blitz game"]
[Site "FICS freechess.org"]
[FICSGamesDBGameNo "20001267"]
[White "Zappa"]
[Black "elliot"]
[WhiteElo "1358"]
[BlackElo "1377"]
[WhiteRD "na"]
[BlackRD "na"]
[TimeControl "300+0"]
[Date "1999.08.10"]
[Time "05:39:00"]
[WhiteClock "0:05:00.000"]
[BlackClock "0:05:00.000"]
[ECO "B06"]
[PlyCount "60"]
[Result "0-1"]

1. e4 g6 2. Nf3 Bg7 3. d4 Nc6 4. d5 Nb8 5. Bc4 c6 6. c3 cxd5 7. Qxd5 e6 8. Qd3 Nf6 9. Bg5 O-O 10. e5 h6 11. exf6 Bxf6 12. Bxh6 Re8 13. O-O g5 14. Qe4 d5 15. Bxd5 exd5 16. Qd3 b6 17. Nbd2 Ba6 18. c4 dxc4 19. Qxd8 Rxd8 20. Bxg5 Bxg5 21. Rad1 Nc6 22. Nxg5 Nb4 23. a3 Nd3 24. Ndf3 Nxb2 25. Rxd8+ Rxd8 26. Ne5 c3 27. Nexf7 Rd2 28. Rc1 Rd1+ 29. Rxd1 Nxd1 30. Ne5 c2 {White resigns} 0-1

[Event "FICS rated blitz game"]
[Site "FICS freechess.org"]
[FICSGamesDBGameNo "20001264"]
[White "madmartian"]
[Black "capatal"]
[WhiteElo "1445"]
[BlackElo "1502"]
[WhiteRD "na"]
[BlackRD "na"]
[TimeControl "300+0"]
[Date "1999.08.09"]
[Time "21:04:00"]
[WhiteClock "0:05:00.000"]
[BlackClock "0:05:00.000"]
[ECO "B10"]
[PlyCount "73"]
[Result "1-0"]

1. e4 c6 2. Nf3 d5 3. exd5 cxd5 4. d4 Bf5 5. Nc3 e6 6. h3 Bd6 7. Nh4 Bg6 8. Nxg6 hxg6 9. Be3 Qb6 10. Qc1 Nc6 11. Bb5 Nf6 12. Bxc6+ Qxc6 13. O-O a6 14. Bf4 Qc7 15. Bxd6 Qxd6 16. Re1 Ng4 17. g3 Nh6 18. Qe3 Nf5 19. Qf3 Rxh3 20. Ne2 Kd7 21. c4 Rah8 22. Nf4 R3h6 23. cxd5 exd5 24. Nxd5 Rh1+ 25. Qxh1 Rxh1+ 26. Kxh1 Qxd5+ 27. Kg1 Nxd4 28. Rad1 Nf3+ 29. Kf1 Nd2+ 30. Ke2 Qxa2 31. Rxd2+ Kc6 32. Rc1+ Kb5 33. b3 Qxb3 34. Rdc2 Qe6+ 35. Kf1 Qh3+ 36. Kg1 Qf5 37. Rb2+ {Black resigns} 1-0

[Event "FICS rated lightning game"]
[Site "FICS freechess.org"]
[FICSGamesDBGameNo "20001263"]
[White "Kastro"]
[Black "Gazda"]
[WhiteElo "1518"]
[BlackElo "1660"]
[WhiteRD "na"]
[BlackRD "na"]
[TimeControl "120+0"]
[Date "1999.08.09"]
[Time "17:34:00"]
[WhiteClock "0:02:00.000"]
[BlackClock "0:02:00.000"]
[ECO "B01"]
[PlyCount "80"]
[Result "1-0"]

1. e4 d5 2. exd5 Nf6 3. c4 e6 4. dxe6 Bxe6 5. Nc3 Nc6 6. Nf3 Qe7 7. Be2 Bxc4 8. d3 Bd5 9. O-O Bxf3 10. Bxf3 Qd7 11. Re1+ Be7 12. Bg5 O-O 13. Bxc6 bxc6 14. Qe2 Rfe8 15. Qd2 Nd5 16. Bxe7 Rxe7 17. Rxe7 Qxe7 18. Re1 Qd7 19. Ne4 Re8 20. Rc1 Nb6 21. Nc5 Qd4 22. Nb3 Qe5 23. h3 Qd6 24. Rd1 Re6 25. Qc2 h6 26. Nc1 Nd5 27. Ne2 Nb4 28. Qd2 Nxa2 29. Nf4 Re7 30. Ra1 Nb4 31. Rxa7 Nd5 32. Ra8+ Kh7 33. Nh5 Nf4 34. Nxf4 Re1+ 35. Qxe1 Qxf4 36. Qe4+ Qxe4 37. dxe4 c5 38. Rf8 Kg6 39. h4 Kf6 40. h5 Ke7 {Black forfeits on time} 1-0

[Event "FICS rated lightning game"]
[Site "FICS freechess.org"]
[FICSGamesDBGameNo "20001262"]
[White "CuoreSportivo"]
[Black "MDerby"]
[WhiteElo "1582"]
[BlackElo "1574"]
[WhiteRD "na"]
[BlackRD "na"]
[TimeControl "60+0"]
[Date "1999.08.09"]
[Time "14:50:00"]
[WhiteClock "0:01:00.000"]
[BlackClock "0:01:00.000"]
[ECO "B01"]
[PlyCount "41"]
[Result "1-0"]

1. e4 d5 2. exd5 Nf6 3. d4 Nxd5 4. c4 Nf6 5. Nf3 Bg4 6. h3 Bh5 7. g4 Bg6 8. Nc3 Nc6 9. d5 Na5 10. Qa4+ c6 11. dxc6 Nxc6 12. Bg5 e6 13. Rd1 Qb6 14. Ne5 Be7 15. Nxc6 bxc6 16. Be3 Bc5 17. Bxc5 Qxc5 18. b4 Qe5+ 19. Be2 Qxc3+ 20. Kf1 Qe5 21. Qxc6+ {Black forfeits on time} 1-0

[Event "FICS rated blitz game"]
[Site "FICS freechess.org"]
[FICSGamesDBGameNo "20001260"]
[White "promoman"]
[Black "ischiapp"]
[WhiteElo "1677"]
[BlackElo "1640"]
[WhiteRD "na"]
[BlackRD "na"]
[TimeControl "180+0"]
[Date "1999.08.09"]
[Time "12:48:00"]
[WhiteClock "0:03:00.000"]
[BlackClock "0:03:00.000"]
[ECO "B32"]
[PlyCount "64"]
[Result "0-1"]

1. e4 c5 2. Nf3 Nc6 3. d4 cxd4 4. Nxd4 d6 5. Bc4 Nf6 6. Nxc6 bxc6 7. e5 Ne4 8. Bxf7+ Kxf7 9. Qf3+ Kg8 10. Qxe4 d5 11. Qe2 a5 12. Nc3 h6 13. O-O Ba6 14. Qf3 Bxf1 15. Kxf1 e6 16. Ne2 Kh7 17. Nd4 Qd7 18. Qg4 Re8 19. Bd2 Rg8 20. Bxa5 Bc5 21. Bc3 Rgf8 22. a4 Qf7 23. f3 Qa7 24. f4 Qa6+ 25. Ne2 Qc4 26. a5 Be3 27. a6 Rxf4+ 28. Qxf4 Bxf4 29. Re1 Rf8 30. Kg1 Be3+ 31. Kh1 Qxe2 32. Rxe2 Rf1# {White checkmated} 0-1

[Event "FICS rated blitz game"]
[Site "FICS freechess.org"]
[FICSGamesDBGameNo "20001259"]
[White "Deadh"]
[Black "nnb"]
[WhiteElo "1680"]
[BlackElo "1657"]
[WhiteRD "na"]
[BlackRD "na"]
[TimeControl "180+0"]
[Date "1999.08.09"]
[Time "11:30:00"]
[WhiteClock "0:03:00.000"]
[BlackClock "0:03:00.000"]
[ECO "D00"]
[PlyCount "57"]
[Result "1-0"]

1. d4 d5 2. e4 dxe4 3. Nc3 Nf6 4. f3 e3 5. Bxe3 Bf5 6. g4 Bg6 7. Nge2 e6 8. Nf4 Bb4 9. h4 h6 10. Nxg6 Bxc3+ 11. bxc3 fxg6 12. Bd3 Kf7 13. O-O h5 14. g5 Nd5 15. Bd2 Qd7 16. Qe2 Qd6 17. Kg2 Nd7 18. f4 Rhf8 19. c4 Nb4 20. Bxb4 Qxb4 21. Rae1 Rae8 22. Qf3 c6 23. Rb1 Qd2+ 24. Rf2 Qa5 25. Rxb7 Re7 26. Qxc6 Nb6 27. Rxe7+ Kxe7 28. d5 Qxd5+ 29. cxd5 {Black resigns} 1-0

[Event "FICS rated blitz game"]
[Site "FICS freechess.org"]
[FICSGamesDBGameNo "20001258"]
[White "Zico"]
[Black "easyslo"]
[WhiteElo "2113"]
[BlackElo "2118"]
[WhiteRD "na"]
[BlackRD "na"]
[TimeControl "180+0"]
[Date "1999.08.09"]
[Time "10:02:00"]
[WhiteClock "0:03:00.000"]
[BlackClock "0:03:00.000"]
[ECO "A00"]
[PlyCount "82"]
[Result "0-1"]

1. d3 d5 2. g3 Nf6 3. Bg2 Bg4 4. f4 h5 5. Nf3 e6 6. O-O Be7 7. Qe1 c5 8. e4 Nc6 9. c3 Qb6 10. Na3 O-O-O 11. e5 Ng8 12. Qf2 Nh6 13. h3 Bxf3 14. Bxf3 Nf5 15. Rb1 g5 16. Bg2 Rhg8 17. Nc2 gxf4 18. Bxf4 Rg6 19. b4 cxb4 20. Qxb6 axb6 21. Nxb4 Nxb4 22. cxb4 Rdg8 23. Rfc1+ Kd7 24. Rf1 Nxg3 25. Rf2 Nf5 26. Kh1 Ra8 27. Rc1 Rgg8 28. Bd2 Rxa2 29. Be1 Rxf2 30. Bxf2 Bxb4 31. Bxb6 Rc8 32. Rf1 Bc5 33. Kh2 Ke7 34. Bxc5+ Rxc5 35. Rb1 b5 36. Rf1 b4 37. Bf3 h4 38. Kg1 b3 39. Rb1 Nd4 40. Bg2 Rc3 41. Rb2 Rxd3 {White forfeits on time} 0-1

[Event "FICS rated lightning game"]
[Site "FICS freechess.org"]
[FICSGamesDBGameNo "20001257"]
[White "Tigas"]
[Black "Rippy"]
[WhiteElo "1811"]
[BlackElo "1855"]
[WhiteRD "na"]
[BlackRD "na"]
[TimeControl "120+0"]
[Date "1999.08.08"]
[Time "23:31:00"]
[WhiteClock "0:02:00.000"]
[BlackClock "0:02:00.000"]
[ECO "A25"]
[PlyCount "66"]
[Result "0-1"]

1. c4 e5 2. Nc3 Nc6 3. g3 f5 4. Bg2 Nf6 5. e3 g6 6. Nge2 Bg7 7. d3 O-O 8. O-O d6 9. Rb1 h6 10. b4 Be6 11. a4 Rb8 12. b5 Ne7 13. a5 g5 14. b6 axb6 15. axb6 c6 16. f4 exf4 17. exf4 d5 18. cxd5 Nexd5 19. Nxd5 Nxd5 20. fxg5 hxg5 21. Qb3 Nf4 22. Qc2 Nxg2 23. Kxg2 Bd5+ 24. Kg1 Ra8 25. Be3 Ra2 26. Qd1 Qe7 27. Bd2 Qc5+ 28. Rf2 Bf3 29. d4 Bxe2 30. Rxe2 Qxd4+ 31. Kh1 Qd5+ 32. Rg2 Rd8 33. Qh5 Rxd2 {White forfeits on time} 0-1

[Event "FICS rated blitz game"]
[Site "FICS freechess.org"]
[FICSGamesDBGameNo "20001256"]
[White "bward"]
[Black "Kpaty"]
[WhiteElo "1178"]
[BlackElo "1652"]
[WhiteRD "na"]
[BlackRD "na"]
[TimeControl "300+0"]
[Date "1999.08.08"]
[Time "22:49:00"]
[WhiteClock "0:05:00.000"]
[BlackClock "0:05:00.000"]
[ECO "A48"]
[PlyCount "44"]
[Result "0-1"]

1. d4 Nf6 2. e3 g6 3. Nf3 Bg7 4. Bd3 d6 5. c3 O-O 6. Nbd2 Nbd7 7. O-O e5 8. Re1 Re8 9. dxe5 dxe5 10. e4 Nc5 11. Bc2 Bg4 12. h3 Bxf3 13. Qxf3 Ne6 14. h4 c6 15. g4 Nd7 16. Nc4 Qxh4 17. Nd6 Rf8 18. Nxb7 Ng5 19. Qe2 Nf6 20. f3 Qg3+ 21. Qg2 Nxf3+ 22. Kh1 Qh4+ {White resigns} 0-1

[Event "FICS rated blitz game"]
[Site "FICS freechess.org"]
[FICSGamesDBGameNo "20001255"]
[White "nicksinc"]
[Black "meandclifford"]
[WhiteElo "1433"]
[BlackElo "1496"]
[WhiteRD "na"]
[BlackRD "na"]
[TimeControl "180+0"]
[Date "1999.08.08"]
[Time "15:58:00"]
[WhiteClock "0:03:00.000"]
[BlackClock "0:03:00.000"]
[ECO "D00"]
[PlyCount "41"]
[Result "1-0"]

1. e4 d5 2. d4 dxe4 3. Nc3 e5 4. dxe5 Qxd1+ 5. Kxd1 Nc6 6. Bf4 Be7 7. Nxe4 f6 8. exf6 Nxf6 9. Nxf6+ Bxf6 10. c3 O-O 11. Bxc7 Be6 12. Nf3 Rac8 13. Bg3 Rfd8+ 14. Ke1 Na5 15. Bh4 Bxh4 16. Nxh4 Nc4 17. Bxc4 Bxc4 18. b3 Re8+ 19. Kd2 Rcd8+ 20. Kc1 Be2 21. Nf3 {Black forfeits on time} 1-0

[Event "FICS rated lightning game"]
[Site "FICS freechess.org"]
[FICSGamesDBGameNo "20001254"]
[White "speter"]
[Black "BigBob"]
[WhiteElo "1193"]
[BlackElo "1515"]
[WhiteRD "na"]
[BlackRD "na"]
[TimeControl "120+0"]
[Date "1999.08.08"]
[Time "15:24:00"]
[WhiteClock "0:02:00.000"]
[BlackClock "0:02:00.000"]
[ECO "B18"]
[PlyCount "52"]
[Result "0-1"]

1. d4 d5 2. Nc3 c6 3. e4 dxe4 4. Nxe4 Bf5 5. Bd3 e6 6. g4 Bxe4 7. Bxe4 Nf6 8. Bg5 Qa5+ 9. Bd2 Qb6 10. Bf3 Qxd4 11. Bc3 Qxd1+ 12. Rxd1 Be7 13. Ne2 O-O 14. g5 Nd5 15. Be5 Bxg5 16. Rg1 Bh6 17. Ng3 Nd7 18. Bd4 e5 19. Bc3 Nxc3 20. bxc3 Nf6 21. Be2 Rad8 22. Bc4 Rxd1+ 23. Kxd1 Rd8+ 24. Ke1 Bd2+ 25. Kf1 Bxc3 26. Bxf7+ Kxf7 {White resigns} 0-1

[Event "FICS rated blitz game"]
[Site "FICS freechess.org"]
[FICSGamesDBGameNo "20001253"]
[White "Hippo"]
[Black "pityuka"]
[WhiteElo "1842"]
[BlackElo "1821"]
[WhiteRD "na"]
[BlackRD "na"]
[TimeControl "120+8"]
[Date "1999.08.08"]
[Time "14:42:00"]
[WhiteClock "0:02:00.000"]
[BlackClock "0:02:00.000"]
[ECO "A32"]
[PlyCount "71"]
[Result "1-0"]

1. d4 c5 2. Nf3 Nf6 3. c4 cxd4 4. Nxd4 e6 5. Nc3 Be7 6. e4 Nc6 7. Be3 Qa5 8. Nb3 Qd8 9. Be2 a6 10. O-O O-O 11. f4 d6 12. Rc1 Bd7 13. Bf3 Rc8 14. Na4 b5 15. cxb5 axb5 16. Nb6 Rc7 17. e5 dxe5 18. Nxd7 Rxd7 19. Qe1 exf4 20. Bxc6 fxe3 21. Bxd7 Qxd7 22. Qxe3 Nd5 23. Qe2 Qa7+ 24. Kh1 Qxa2 25. Nc5 Bf6 26. Nxe6 fxe6 27. Qxe6+ Kh8 28. Rc8 h5 29. Rxf8+ Kh7 30. Qf5+ g6 31. Rf7+ Kh6 32. Qd7 Bxb2 33. Rh7+ Kg5 34. g3 Qc4 35. h4+ Qxh4+ 36. gxh4+ {Black resigns} 1-0

[Event "FICS rated blitz game"]
[Site "FICS freechess.org"]
[FICSGamesDBGameNo "20001252"]
[White "BlueSilver"]
[Black "swiftly"]
[WhiteElo "1880"]
[BlackElo "1921"]
[WhiteRD "na"]
[BlackRD "na"]
[TimeControl "300+0"]
[Date "1999.08.08"]
[Time "14:21:00"]
[WhiteClock "0:05:00.000"]
[BlackClock "0:05:00.000"]
[ECO "B22"]
[PlyCount "72"]
[Result "0-1"]

1. e4 c5 2. c3 Qa5 3. Nf3 Nc6 4. Be2 g6 5. O-O Bg7 6. d4 d6 7. d5 Ne5 8. h3 Nf6 9. Qc2 b5 10. Be3 Nxf3+ 11. Bxf3 O-O 12. Nd2 Bd7 13. a3 Rab8 14. b4 Qc7 15. Qd3 c4 16. Qc2 a5 17. Be2 e6 18. dxe6 fxe6 19. f4 Bc6 20. Rfe1 Ra8 21. Bd4 Ra6 22. Bf3 Rfa8 23. Qb2 e5 24. fxe5 dxe5 25. Bc5 Nd7 26. Be3 Qb7 27. Bf2 Nf6 28. Bh4 Rf8 29. Bxf6 Bxf6 30. Nf1 Rfa8 31. Nd2 axb4 32. axb4 Qa7+ 33. Kh2 Rxa1 34. Re2 Qa2 35. Qxa2 R8xa2 36. Bg4 Bg5 {White resigns} 0-1

[Event "FICS rated blitz game"]
[Site "FICS freechess.org"]
[FICSGamesDBGameNo "20001251"]
[White "Bobbyboomer"]
[Black "wieder"]
[WhiteElo "1806"]
[BlackElo "1970"]
[WhiteRD "na"]
[BlackRD "na"]
[TimeControl "180+0"]
[Date "1999.08.08"]
[Time "11:25:00"]
[WhiteClock "0:03:00.000"]
[BlackClock "0:03:00.000"]
[ECO "B87"]
[PlyCount "110"]
[Result "0-1"]

1. e4 c5 2. Nf3 d6 3. d4 cxd4 4. Nxd4 Nf6 5. Nc3 a6 6. Bc4 b5 7. Bb3 e6 8. O-O Be7 9. a3 Bb7 10. Qe2 O-O 11. Bxe6 fxe6 12. Nxe6 Qd7 13. Nxf8 Bxf8 14. e5 dxe5 15. Qxe5 Qc6 16. f3 Qc5+ 17. Qxc5 Bxc5+ 18. Kh1 Nc6 19. Bg5 Nh5 20. Rad1 Nd4 21. Be3 Ne6 22. Bxc5 Nxc5 23. Rfe1 Nf6 24. Re5 Ncd7 25. Re7 Bc6 26. Ne4 Nxe4 27. fxe4 Nf6 28. e5 Nd5 29. Re6 Bb7 30. Rd6 Ne3 31. Rd8+ Kf7 32. R8d7+ Ke6 33. R1d3 Bxg2+ 34. Kg1 Be4 35. Rxe3 Kxd7 36. Rxe4 Ke6 37. Kf2 Rc8 38. c3 Rc5 39. Rg4 g6 40. a4 Rxe5 41. axb5 axb5 42. Rb4 Kf5 43. c4 bxc4 44. Rxc4 g5 45. b4 Ke6 46. Rc6+ Kd7 47. Rh6 Rb5 48. Rh5 Ke6 49. h4 h6 50. hxg5 hxg5 51. Kg3 Kf5 52. Rh8 Rxb4 53. Rf8+ Kg6 54. Rg8+ Kf7 55. Ra8 Rb3+ {White forfeits on time} 0-1

[Event "FICS rated blitz game"]
[Site "FICS freechess.org"]
[FICSGamesDBGameNo "20001250"]
[White "Jurassic"]
[Black "duckhammer"]
[WhiteElo "1044"]
[BlackElo "1022"]
[WhiteRD "na"]
[BlackRD "na"]
[TimeControl "120+12"]
[Date "1999.08.08"]
[Time "11:00:00"]
[WhiteClock "0:02:00.000"]
[BlackClock "0:02:00.000"]
[ECO "A04"]
[PlyCount "59"]
[Result "1-0"]

1. Nf3 e6 2. g3 Bd6 3. Bg2 Nf6 4. d3 O-O 5. O-O Nc6 6. e4 b6 7. Re1 Nh5 8. Ng5 g6 9. Nf3 Bb4 10. c3 Bd6 11. d4 e5 12. Qb3 Na5 13. Qd5 Bb7 14. Bg5 Be7 15. Qxe5 f6 16. Bxf6 Bxf6 17. Qb5 Ng7 18. e5 Be7 19. Nfd2 Bxg2 20. Kxg2 c6 21. Qe2 Ne6 22. Nf3 b5 23. Nbd2 Rb8 24. b4 Nb7 25. a4 Qc8 26. Qe3 d6 27. axb5 cxb5 28. Rxa7 dxe5 29. Qxe5 Bf6 30. Qd5 {Black forfeits on time} 1-0

[Event "FICS rated lightning game"]
[Site "FICS freechess.org"]
[FICSGamesDBGameNo "20001249"]
[White "Leinad"]
[Black "seirios"]
[WhiteElo "1941"]
[BlackElo "1870"]
[WhiteRD "na"]
[BlackRD "na"]
[TimeControl "60+0"]
[Date "1999.08.08"]
[Time "07:59:00"]
[WhiteClock "0:01:00.000"]
[BlackClock "0:01:00.000"]
[ECO "B80"]
[PlyCount "61"]
[Result "1-0"]

1. e4 c5 2. d4 cxd4 3. Nf3 d6 4. Nxd4 Nf6 5. Nc3 a6 6. f3 e6 7. Be3 Be7 8. Qd2 O-O 9. g4 Nc6 10. g5 Nd7 11. h4 Nxd4 12. Bxd4 b5 13. O-O-O Bb7 14. Bd3 Rc8 15. Kb1 b4 16. Ne2 Ne5 17. f4 Nf3 18. Qxb4 Rb8 19. Be3 d5 20. Qc3 dxe4 21. Bc4 Qc8 22. Bb3 Bc6 23. Nd4 Nxd4 24. Bxd4 e3 25. Bxg7 f6 26. gxf6 Bxh1 27. fxe7 Qxc3 28. Bxf8 Rxf8 29. Bxe6+ Kg7 30. exf8=Q+ Kxf8 31. bxc3 {Black forfeits on time} 1-0

[Event "FICS rated blitz game"]
[Site "FICS freechess.org"]
[FICSGamesDBGameNo "20001248"]
[White "olivercbc"]
[Black "humnap"]
[WhiteElo "982"]
[BlackElo "917"]
[WhiteRD "na"]
[BlackRD "na"]
[TimeControl "300+12"]
[Date "1999.08.08"]
[Time "07:58:00"]
[WhiteClock "0:05:00.000"]
[BlackClock "0:05:00.000"]
[ECO "C47"]
[PlyCount "92"]
[Result "0-1"]

1. e4 e5 2. Nf3 Nc6 3. Nc3 Nf6 4. d3 Bb4 5. Bg5 h6 6. Bh4 Bxc3+ 7. bxc3 g5 8. Bg3 d6 9. d4 Nxe4 10. dxe5 dxe5 11. Qxd8+ Kxd8 12. Bxe5 Re8 13. Rd1+ Ke7 14. Rd3 Bf5 15. Bxc7 Nc5 16. Bd6+ Kf6+ 17. Be2 Bxd3 18. cxd3 Rad8 19. Bxc5 Rxd3 20. O-O Rxc3 21. Bd4+ Nxd4 22. Nxd4 Ra3 23. g3 Rxa2 24. Bb5 Rd8 25. Rd1 a6 26. Bc4 Ra4 27. Bb3 Raxd4 28. Rxd4 Rxd4 29. Bc2 a5 30. Kf1 a4 31. Bb1 a3 32. Ke2 Rb4 33. Ba2 Rb2+ 34. Kd1 Rxa2 35. Kc1 Rxf2 36. Kb1 a2+ 37. Ka1 b5 38. h3 b4 39. h4 b3 40. hxg5+ Kxg5 41. g4 Rf1+ 42. Kb2 Rf2+ 43. Kxb3 a1=Q 44. Kb4 Qc1 45. Ka4 Rb2 46. Ka5 Qa1# {White checkmated} 0-1

[Event "FICS rated blitz game"]
[Site "FICS freechess.org"]
[FICSGamesDBGameNo "20001247"]
[White "oemmes"]
[Black "somebloke"]
[WhiteElo "1251"]
[BlackElo "1359"]
[WhiteRD "na"]
[BlackRD "na"]
[TimeControl "180+12"]
[Date "1999.08.08"]
[Time "07:56:00"]
[WhiteClock "0:03:00.000"]
[BlackClock "0:03:00.000"]
[ECO "D31"]
[PlyCount "65"]
[Result "1-0"]

1. d4 d5 2. c4 e6 3. Nc3 c6 4. Nf3 dxc4 5. a4 b5 6. axb5 Bb4 7. bxc6 Nxc6 8. e3 Bb7 9. Bxc4 Nf6 10. O-O O-O 11. Re1 Ne4 12. Nxe4 Bxe1 13. Qxe1 Nb4 14. Ned2 Nc2 15. Qd1 Nxa1 16. b3 Be4 17. Nxe4 Re8 18. Ba3 Nxb3 19. Qxb3 Rb8 20. Qa2 Qc7 21. h3 Rb6 22. Nfg5 Reb8 23. Bd6 Rb1+ 24. Kh2 Qb6 25. Bxb8 Qxb8+ 26. g3 Rb2 27. Qa3 h6 28. Nxe6 fxe6 29. Bxe6+ Kh7 30. Bf5+ Kh8 31. Qe7 Qa8 32. Qf7 Rxf2+ 33. Nxf2 {Black resigns} 1-0